 Dungeon Crawl Stone Soup version 0.28-a0-932-g843f935a50 (webtiles) character file.

Game seed: 2275927087029577646

2 miscthings the Grasshopper (level 1, -1/13 HPs)
             Began as a Gnoll Wanderer on Nov 28, 2021.
             Slain by a goblin (2 damage)
             ... on level 1 of the Dungeon.
             The game lasted 00:00:18 (53 turns).

miscthings the Grasshopper (Gnoll Wanderer)           Turns: 53, Time: 00:00:19

Health: -1/13      AC:  2    Str: 10    XL:     1   Next: 30%
Magic:  1/1        EV: 11    Int: 12    God:
Gold:   0          SH:  0    Dex: 11    Spells: 0/0 levels left

rFire   . . .      SeeInvis .   a - +0 dagger
rCold   . . .      Faith    .   (no shield)
rNeg    . . .      Spirit   .   b - +0 robe
rPois   .          Reflect  .   (no helmet)
rElec   .          Harm     .   (no cloak)
rCorr   .          Rampage  .   (no gloves)
Will    .....                   (no boots)
Stlth   +.........              (no amulet)
HPRegen 0.04/turn               (no ring)
MPRegen 0.07/turn               (no ring)

@: lethally poisoned (-1 -> -4)
A: fangs 1, strong nose, distributed training
a: no special abilities


You were on level 1 of the Dungeon.
You visited 1 branch of the dungeon, and saw 1 of its levels.

Inventory:

Hand Weapons
 a - a +0 dagger (weapon)
Armour
 b - a +0 robe (worn)
Scrolls
 c - a scroll of teleportation
Potions
 d - a potion of haste {unknown}


   Skills:
 + Level 0.0 Fighting
 + Level 0.0 Short Blades
 + Level 0.0 Long Blades
 + Level 0.0 Axes
 + Level 0.0 Maces & Flails
 + Level 0.0 Polearms
 + Level 0.0 Staves
 + Level 0.0 Slings
 + Level 0.0 Bows
 + Level 0.0 Crossbows
 + Level 2.3 Throwing
 + Level 0.0 Armour
 + Level 0.0 Dodging
 + Level 0.0 Stealth
 + Level 0.0 Shields
 + Level 0.0 Unarmed Combat
 + Level 0.0 Spellcasting
 + Level 0.0 Conjurations
 + Level 3.6 Hexes
 + Level 1.9 Summonings
 + Level 0.0 Necromancy
 + Level 5.3 Translocations
 + Level 0.0 Transmutations
 + Level 0.0 Fire Magic
 + Level 0.0 Ice Magic
 + Level 0.0 Air Magic
 + Level 3.6 Earth Magic
 + Level 0.0 Poison Magic
 + Level 0.1 Invocations
 + Level 2.3 Evocations


You couldn't memorise any spells.
You knew the following spells:

 Your Spells              Type           Power      Damage    Failure   Level
a - Apportation           Tloc           24%        N/A       3%          1

Your spell library contained the following spells:

 Spells                   Type           Power      Damage    Failure   Level
 Teleport Other           Tloc           12%        N/A       11%         3
 Confusing Touch          Hex            8%         N/A       22%         3
 Tukima's Dance           Hex            8%         N/A       22%         3
 Ensorcelled Hibernation  Hex/Ice        8%         N/A       24%         2
 Dazzling Flash           Conj/Hex       8%         N/A       43%         3


Dungeon Overview and Level Annotations

Branches:
Dungeon (1/15)

Altars:


Innate Abilities, Weirdness & Mutations

You have very sharp teeth.
Your uncanny sense of smell can sniff out nearby items.
Your experience applies equally to all skills.


Message History

The kobold hits you with a +0 dagger.
You barely miss the kobold.
The kobold is moderately wounded.
The kobold closely misses you.
You hit the kobold.
You kill the kobold!
The bat hits you but does no damage.
A goblin comes into view. It is wielding a +1 dagger of venom.
The bat closely misses you.
Things that are here:
a +0 dagger; a kobold corpse The bat hits you but does no damage.
The bat barely misses you.
You hit the bat but do no damage. The bat barely misses you.
The bat barely misses you. The bat hits you but does no damage.
The bat closely misses you.
Things that are here:
a +0 dagger; a kobold corpse The bat hits you but does no damage.
You hit the bat.
The bat is moderately wounded.
The bat closely misses you.
You swing at nothing.
The bat hits you.
You swing at nothing.
The bat barely misses you.
You swing at nothing.
The bat barely misses you. The bat hits you. The bat misses you.
You hit the bat.
You kill the bat!
You closely miss the goblin. The goblin barely misses you.
You hit the goblin but do no damage.
The goblin hits you with a +1 dagger of venom.
You are lethally poisoned!
You hit the goblin but do no damage. Your bite misses the goblin.
* * * LOW HITPOINT WARNING * * *
You feel sick. The goblin misses you.
You closely miss the goblin.
* * * LOW HITPOINT WARNING * * *
You feel sick.
The goblin hits you with a +1 dagger of venom.
You die...

........#####...
........#.......
........#.......
........#.......
........#.......
...#####........
#)####.## ∆ #g#
#@# #.#
#######.#
#.......#
#.#####.# #.#
#.# #.#####.#
#.......#


You could see a goblin.

Vanquished Creatures
  A kobold (D:1)
  A bat (D:1)
2 creatures vanquished.

Notes
Turn   | Place    | Note
-------+----------+-------------------------------------------
     0 | D:1      | miscthings the Gnoll Wanderer began the quest for the Orb.
     0 | D:1      | miscthings set off with the following items: a +0 dagger, a
                  | +0 robe, a scroll of teleportation; and the following spell
                  | memorised: Apportation; and the following spells available
                  | to memorise: Teleport Other, Confusing Touch, Tukima's
                  | Dance, Ensorcelled Hibernation, Dazzling Flash
     0 | D:1      | Reached XP level 1. HP: 13/13 MP: 1/1
    53 | D:1      | Slain by a goblin

Illustrated notes

Levels and vault maps discovered:
D:1:      matt_arrival_spirals, layout_basic, chequers_ecumenical_altar_twisty

Action                   || total
-------------------------++-------
Melee: Dagger            ||    13
Armor: Robe              ||     4
Dodge: Dodged            ||    16

Table legend: (Time is in decaauts)
 A = Elapsed time spent in this place.
 B = Non-inter-level travel time spent in this place.
 C = Inter-level travel time spent in this place.
 D = Time resting spent in this place.
 E = Time spent auto-exploring this place.
 F = Levels seen in this place.
 G = Mean time per level.
                   A        B        C        D        E       F      G
               +--------+--------+--------+--------+--------+-----+--------+
         Total |     53 |     53 |      0 |      0 |     27 |   1 |   53.0 |
       Dungeon |     53 |     53 |      0 |      0 |     27 |   1 |   53.0 |
               +--------+--------+--------+--------+--------+-----+--------+

Top non-repeatable levels by time:
     D:1: 53 daAuts
